NYP
CINCINNATI (NYP) REDS @ AUBURN DOUBLEDAYS
09/15/2047
 
TOP OF THE 1ST
Cincinnati (NYP) Reds batting - Pitching for Auburn Doubledays : RHP Chris Mosley
Pitching: RHP Chris Mosley
Batting: RHB Cyd Carver 0-0: Ball
1-0: Foul Ball, location: 2F
1-1: SINGLE (Groundball, 4D, EV 103.8 MPH)
Batting: LHB Jamie Spangenberg 0-0: Ball
1-0: Foul Ball, location: 2F
1-1: Ball
2-1: Ball
Cyd Carver steals 2nd base
3-1: Foul Ball, location: 2F
3-2: Foul Ball, location: 2F
3-2: SINGLE (Flyball, 7S, EV 92.5 MPH)
Cyd Carver to third
Runner from 3rd tries for Home, SAFE, throw by LF to home
Batting: LHB Matt Kennedy 0-0: Ball
1-0: Ball
2-0: Called Strike
2-1: Ball
3-1: Fly out, F8 (Flyball, 8LXD, EV 93.8 MPH)
Batting: LHB Leo Gomez 0-0: Called Strike
0-1: Ball
1-1: Fly out, F9 (Flyball, 9, EV 86.9 MPH)
Batting: RHB Sang-ton Pak 0-0: Called Strike
0-1: Fly out, F8 (Line Drive, 8RD, EV 89.4 MPH)
Top of the 1st over - 1 run, 2 hits, 0 errors, 1 left on base; Cincinnati (NYP) 1 - Auburn 0
BOTTOM OF THE 1ST
Auburn Doubledays batting - Pitching for Cincinnati (NYP) Reds : LHP Bill Cooksey
Pitching: LHP Bill Cooksey
Batting: RHB Antonio Morado 0-0: Ball
1-0: Foul Ball, location: 2F
1-1: Foul Ball, location: 2F
1-2: Foul Ball, location: 2F
1-2: Ground out 5-3 (Groundball, 56S, EV 82.5 MPH)
Batting: RHB John Savard 0-0: Ball
1-0: Ground out 6-3 (Groundball, 6, EV 91.9 MPH)
Batting: SHB Ed Thorpe Jr. 0-0: Called Strike
0-1: Foul Ball, location: 2F
0-2: Strikes out swinging
Bottom of the 1st over - 0 runs, 0 hits, 0 errors, 0 left on base; Cincinnati (NYP) 1 - Auburn 0
TOP OF THE 2ND
Cincinnati (NYP) Reds batting - Pitching for Auburn Doubledays : RHP Chris Mosley
Batting: SHB Jaivata Mohanty 0-0: Foul Ball, location: 2F
0-1: Foul Ball, location: 2F
0-2: Ball
1-2: Strikes out looking
Batting: RHB Ben Hinman 0-0: Called Strike
0-1: Ball
1-1: Foul Ball, location: 2F
1-2: Fly out, F8 (Flyball, 89S, EV 95.6 MPH)
Batting: RHB Tim Walter 0-0: Ball
1-0: Ground out 6-3 (Groundball, 6, EV 85.0 MPH)
Top of the 2nd over - 0 runs, 0 hits, 0 errors, 0 left on base; Cincinnati (NYP) 1 - Auburn 0
BOTTOM OF THE 2ND
Auburn Doubledays batting - Pitching for Cincinnati (NYP) Reds : LHP Bill Cooksey
Batting: RHB Deshawn Boseman 0-0: Ball
1-0: Called Strike
1-1: Fly out, F8 (Line Drive, 8RD, EV 91.2 MPH)
Batting: LHB Elias Posada 0-0: Called Strike
0-1: Called Strike
0-2: Foul Ball, location: 2F
0-2: Strikes out swinging
Batting: RHB Lamar Thornton 0-0: Ball
1-0: Fly out, F9 (Flyball, 9LD, EV 91.9 MPH)
Bottom of the 2nd over - 0 runs, 0 hits, 0 errors, 0 left on base; Cincinnati (NYP) 1 - Auburn 0
TOP OF THE 3RD
Cincinnati (NYP) Reds batting - Pitching for Auburn Doubledays : RHP Chris Mosley
Batting: LHB Jeremy Robertson 0-0: Called Strike
0-1: Fly out, F8 (Flyball, 8RM, EV 81.2 MPH)
Batting: RHB Cyd Carver 0-0: Ball
1-0: Called Strike
1-1: Ball
2-1: Ball
3-1: Foul Ball, location: 2F
3-2: Ground out 5-3 (Groundball, 56, EV 104.4 MPH)
Batting: LHB Jamie Spangenberg 0-0: Called Strike
0-1: Ball
1-1: Ground out 5-3 (Groundball, 56, EV 108.8 MPH)
Top of the 3rd over - 0 runs, 0 hits, 0 errors, 0 left on base; Cincinnati (NYP) 1 - Auburn 0
BOTTOM OF THE 3RD
Auburn Doubledays batting - Pitching for Cincinnati (NYP) Reds : LHP Bill Cooksey
Batting: RHB Seth Rutz 0-0: Ball
1-0: Ball
2-0: Ball
3-0: Base on Balls
Batting: RHB Scott Skoglund 0-0: Ball
1-0: Ball
2-0: Ball
3-0: Called Strike
3-1: Base on Balls
Seth Rutz to second
Batting: LHB Adam Lancaster 0-0: Reached on error, E1 (Groundball, P, EV 70.0 MPH)
Seth Rutz to third
Scott Skoglund to second
Batting: RHB Antonio Morado 0-0: Ball
1-0: Foul Ball, location: 2F
1-1: Called Strike
1-2: Strikes out swinging
Batting: RHB John Savard 0-0: Called Strike
0-1: Ball
1-1: Ball
2-1: Fly out, F8 (Flyball, 8LD, EV 92.5 MPH)
Runner from 3rd tags up, SCORES, throw by CF
Scott Skoglund to third
Batting: SHB Ed Thorpe Jr. 0-0: Called Strike
0-1: Swinging Strike
0-2: Fly out, F6 (Popup, 6D, EV 43.8 MPH)
Bottom of the 3rd over - 1 run, 0 hits, 1 error, 2 left on base; Cincinnati (NYP) 1 - Auburn 1
TOP OF THE 4TH
Cincinnati (NYP) Reds batting - Pitching for Auburn Doubledays : RHP Chris Mosley
Batting: LHB Matt Kennedy 0-0: Ball
1-0: Ball
2-0: Called Strike
2-1: Ground out 3-1 (Groundball, 34S, EV 82.5 MPH)
Batting: LHB Leo Gomez 0-0: Ball
1-0: Ball
2-0: Ball
3-0: Base on Balls
Batting: RHB Sang-ton Pak 0-0: Called Strike
0-1: Ball
1-1: Called Strike
Leo Gomez steals 2nd base
1-2: Foul Ball, location: 2F
1-2: Ball
2-2: Ground out U3 (Groundball, 3, EV 106.2 MPH)
Leo Gomez to third
Batting: SHB Jaivata Mohanty 0-0: Ball
1-0: Called Strike
1-1: Ball
2-1: Swinging Strike
2-2: Strikes out swinging
Top of the 4th over - 0 runs, 0 hits, 0 errors, 1 left on base; Cincinnati (NYP) 1 - Auburn 1
BOTTOM OF THE 4TH
Auburn Doubledays batting - Pitching for Cincinnati (NYP) Reds : LHP Bill Cooksey
Batting: RHB Deshawn Boseman 0-0: Ball
1-0: Called Strike
1-1: Ground out 1-3 (Groundball, 13S, EV 71.9 MPH)
Batting: LHB Elias Posada 0-0: Called Strike
0-1: Ball
1-1: Fly out, F4 (Popup, 23, EV 86.2 MPH)
Batting: RHB Lamar Thornton 0-0: Foul Ball, location: 2F
0-1: Ball
1-1: Swinging Strike
1-2: Ball
2-2: Strikes out swinging
Bottom of the 4th over - 0 runs, 0 hits, 0 errors, 0 left on base; Cincinnati (NYP) 1 - Auburn 1
TOP OF THE 5TH
Cincinnati (NYP) Reds batting - Pitching for Auburn Doubledays : RHP Chris Mosley
Batting: RHB Ben Hinman 0-0: Called Strike
0-1: Ball
1-1: Ball
2-1: Swinging Strike
2-2: Strikes out swinging
Batting: RHB Tim Walter 0-0: Called Strike
0-1: Swinging Strike
0-2: Ground out 5-3 (Groundball, 56, EV 81.2 MPH)
Batting: LHB Jeremy Robertson 0-0: Ball
1-0: Ground out 1-3 (Groundball, 13S, EV 69.4 MPH)
Top of the 5th over - 0 runs, 0 hits, 0 errors, 0 left on base; Cincinnati (NYP) 1 - Auburn 1
BOTTOM OF THE 5TH
Auburn Doubledays batting - Pitching for Cincinnati (NYP) Reds : LHP Bill Cooksey
Batting: RHB Seth Rutz 0-0: Ball
1-0: Foul Ball, location: 2F
1-1: Ball
2-1: Foul Ball, location: 2F
2-2: Ball
3-2: Strikes out swinging
Batting: RHB Scott Skoglund 0-0: Ball
1-0: SOLO HOME RUN (Flyball, 7LD, EV 90.6 MPH), Distance : 345 ft
Batting: LHB Adam Lancaster 0-0: SINGLE (Groundball, 34S, EV 65.0 MPH) (infield hit)
Batting: RHB Antonio Morado 0-0: Foul Ball, location: 2F
0-1: Ball
1-1: Called Strike
1-2: Ball
2-2: Ball
3-2: Base on Balls
Adam Lancaster to second
Batting: RHB John Savard 0-0: Ball
1-0: Called Strike
1-1: Foul Ball, location: 2F
1-2: Strikes out swinging
Batting: SHB Ed Thorpe Jr. 0-0: Foul Ball, location: 2F
0-1: TRIPLE (Line Drive, 78XD, EV 105.6 MPH)
Adam Lancaster scores
Antonio Morado scores
Batting: RHB Deshawn Boseman 0-0: Called Strike
0-1: Foul Ball, location: 2F
0-2: Strikes out swinging
Bottom of the 5th over - 3 runs, 3 hits, 0 errors, 1 left on base; Cincinnati (NYP) 1 - Auburn 4
TOP OF THE 6TH
Cincinnati (NYP) Reds batting - Pitching for Auburn Doubledays : RHP Chris Mosley
Batting: RHB Cyd Carver 0-0: Called Strike
0-1: SINGLE (Groundball, P, EV 82.5 MPH) (infield hit)
Batting: LHB Jamie Spangenberg 0-0: Called Strike
Cyd Carver steals 2nd base (no throw)
0-1: Ball
1-1: Fly out, F9 (Flyball, 89M, EV 98.1 MPH)
Batting: LHB Matt Kennedy 0-0: Foul Ball, location: 2F
0-1: Swinging Strike
0-2: Strikes out looking
Batting: LHB Leo Gomez 0-0: Ground out 4-3 (Groundball, 4, EV 78.8 MPH)
Top of the 6th over - 0 runs, 1 hit, 0 errors, 1 left on base; Cincinnati (NYP) 1 - Auburn 4
BOTTOM OF THE 6TH
Auburn Doubledays batting - Pitching for Cincinnati (NYP) Reds : LHP Bill Cooksey
Batting: LHB Elias Posada 0-0: Called Strike
0-1: Swinging Strike
0-2: Foul Ball, location: 2F
0-2: Strikes out looking
Batting: RHB Lamar Thornton 0-0: Ball
1-0: SINGLE (Groundball, 6MD, EV 101.9 MPH)
Batting: RHB Seth Rutz 0-0: Foul Ball, location: 2F
0-1: Ball
1-1: Swinging Strike
1-2: Foul Ball, location: 2F
1-2: Foul Ball, location: 2F
1-2: Fielders Choice at 2nd, 1-6 (Groundball, 34S, EV 75.0 MPH)
Batting: RHB Scott Skoglund 0-0: Ball
1-0: Called Strike
1-1: Foul Ball, location: 2F
1-2: Ball
2-2: Ball
3-2: Foul Ball, location: 2F
3-2: Base on Balls
Seth Rutz to second
Batting: LHB Adam Lancaster 0-0: Ball
1-0: Ball
2-0: Swinging Strike
2-1: Ball
3-1: Foul Ball, location: 2F
3-2: Foul Ball, location: 2F
3-2: Base on Balls
Seth Rutz to third
Scott Skoglund to second
Pitching: RHP Vic Flores
Batting: RHB Antonio Morado 0-0: Called Strike
0-1: Foul Ball, location: 2F
0-2: Ball
1-2: Foul Ball, location: 2F
1-2: Foul Ball, location: 2F
1-2: Ground out 5-3 (Groundball, 5S, EV 88.8 MPH)
Bottom of the 6th over - 0 runs, 1 hit, 0 errors, 3 left on base; Cincinnati (NYP) 1 - Auburn 4
TOP OF THE 7TH
Cincinnati (NYP) Reds batting - Pitching for Auburn Doubledays : RHP Chris Mosley
Batting: RHB Sang-ton Pak 0-0: Ball
1-0: Fly out, F7 (Flyball, 7S, EV 92.5 MPH)
Pitching: RHP Matt Seivert
Batting: SHB Jaivata Mohanty 0-0: Ball
1-0: Called Strike
1-1: Ball
2-1: Foul Ball, location: 2F
2-2: Foul Ball, location: 2F
2-2: Foul Ball, location: 2F
2-2: Foul Ball, location: 2F
2-2: Ball
3-2: Foul Ball, location: 2F
3-2: Base on Balls
Batting: RHB Ben Hinman 0-0: Ball
1-0: Swinging Strike
1-1: Foul Ball, location: 2F
1-2: SINGLE (Groundball, 34, EV 103.1 MPH)
Jaivata Mohanty to second
Runner from 2nd tries for 3rd, SAFE, throw by RF made to third
Pinch Hitting: SHB Kristian Kristensen 0-0: Ball
1-0: SINGLE (Line Drive, 89S, EV 105.6 MPH)
Jaivata Mohanty scores
Ben Hinman to second
Pinch Runner at 2nd John Hopkins:
Batting: LHB Jeremy Robertson 0-0: Ball
1-0: Ball
John Hopkins is caught stealing 3rd base 2-5
2-0: Foul Ball, location: 2F
2-1: Called Strike
2-2: Strikes out swinging
Top of the 7th over - 1 run, 2 hits, 0 errors, 1 left on base; Cincinnati (NYP) 2 - Auburn 4
BOTTOM OF THE 7TH
Auburn Doubledays batting - Pitching for Cincinnati (NYP) Reds : RHP Vic Flores
Now at 1B: Matthew Berry
Now at 2B: Cyd Carver
Now at SS: John Hopkins
Batting: RHB John Savard 0-0: Ball
1-0: Swinging Strike
1-1: Ball
2-1: Foul Ball, location: 2F
2-2: SINGLE (Groundball, 56D, EV 109.4 MPH)
Batting: SHB Ed Thorpe Jr. 0-0: Ball
John Savard steals 2nd base
1-0: Foul Ball, location: 2F
1-1: SINGLE (Line Drive, 89M, EV 95.6 MPH)
John Savard to third
Batting: RHB Deshawn Boseman 0-0: Fly out, F8 (Flyball, 8LD, EV 103.1 MPH)
Runner from 3rd tags up, OUT at HOME! 8-2
Ed Thorpe Jr. to second
Batting: LHB Elias Posada 0-0: Called Strike
0-1: Foul Ball, location: 2F
0-2: Ball
1-2: Fly out, F7 (Flyball, 78M, EV 96.9 MPH)
Bottom of the 7th over - 0 runs, 2 hits, 0 errors, 1 left on base; Cincinnati (NYP) 2 - Auburn 4
TOP OF THE 8TH
Cincinnati (NYP) Reds batting - Pitching for Auburn Doubledays : RHP Matt Seivert
Pinch Hitting: LHB Brian Dickeson 0-0: Called Strike
0-1: Swinging Strike
0-2: Foul Ball, location: 2F
0-2: Ball
1-2: Foul Ball, location: 2F
1-2: Strikes out swinging
Batting: LHB Jamie Spangenberg 0-0: Ball
1-0: Foul Ball, location: 2F
1-1: Swinging Strike
1-2: Strikes out swinging
Batting: LHB Matt Kennedy 0-0: Fly out, F9 (Flyball, 9S, EV 98.1 MPH)
Top of the 8th over - 0 runs, 0 hits, 0 errors, 0 left on base; Cincinnati (NYP) 2 - Auburn 4
BOTTOM OF THE 8TH
Auburn Doubledays batting - Pitching for Cincinnati (NYP) Reds : RHP Vic Flores
Now at 2B: Yasusaburo Kuwahara
Batting: RHB Lamar Thornton 0-0: Ground out 6-3 (Groundball, 6, EV 103.1 MPH)
Batting: RHB Seth Rutz 0-0: Ball
1-0: Foul Ball, location: 2F
1-1: Swinging Strike
1-2: Ball
2-2: Ball
3-2: Ground out 1-3 (Groundball, 13S, EV 67.5 MPH)
Batting: RHB Scott Skoglund 0-0: Ground out 6-3 (Groundball, 56, EV 101.2 MPH)
Bottom of the 8th over - 0 runs, 0 hits, 0 errors, 0 left on base; Cincinnati (NYP) 2 - Auburn 4
TOP OF THE 9TH
Cincinnati (NYP) Reds batting - Pitching for Auburn Doubledays : RHP Matt Seivert
Pitching: RHP Jimmy Purscell
Batting: LHB Leo Gomez 0-0: Ball
1-0: Foul Ball, location: 2F
1-1: Ball
2-1: Called Strike
2-2: Ball
3-2: Ground out 6-3 (Groundball, 6M, EV 105.0 MPH)
Batting: RHB Sang-ton Pak 0-0: Hit by Pitch
Pinch Runner at 1st Juan Zamora:
Batting: SHB Jaivata Mohanty 0-0: Called Strike
0-1: Swinging Strike
0-2: Ball
1-2: Strikes out swinging
Pinch Hitting: LHB Steven Wamble 0-0: Ball
1-0: Ball
2-0: Swinging Strike
2-1: Foul Ball, location: 2F
2-2: Foul Ball, location: 2F
2-2: Ball
3-2: Foul Ball, location: 2F
3-2: Foul Ball, location: 2F
3-2: Foul Ball, location: 2F
3-2: Fly out, F7 (Flyball, 7D, EV 98.8 MPH)
Top of the 9th over - 0 runs, 0 hits, 0 errors, 1 left on base; Cincinnati (NYP) 2 - Auburn 4
Thursday, December 15th , 2022 - OOTP Baseball 23.9 Build 102